[Event "35th European Club Cup 2019"]
[Site "Ulcinj"]
[Date "2019.11.14"]
[Round "5.16"]
[White "Mertanen, Janne"]
[Black "Pobor, Milo"]
[Result "1-0"]
[ECO "A43"]
[WhiteElo "2252"]
[BlackElo "2064"]
[Annotator "NA"]
[PlyCount "105"]
[EventDate "2019.11.10"]
[EventType "team-tourn"]
[EventCountry "MNE"]
[SourceTitle "playchess.com"]
[Source "ChessBase"]
[SourceQuality "1"]
[WhiteTeam "Tammer-Shakki"]
[BlackTeam "Crnogorac"]
[TimeControl "40/5400+30:1800+30"]

1. d4 c5 2. d5 Nf6 3. c4 g6 4. Nc3 Bg7 5. e4 d6 6. h3 O-O 7. Nf3 e6 8. Bd3 exd5 9. exd5 Re8+ 10. Be3 a6 11. O-O Nbd7 12. Qd2 b5 13. cxb5 Nb6 14. bxa6 Nbxd5 15. Nxd5 Nxd5 16. Bg5 Nf6 17. Bb5 Bd7 18. Bc4 Bc6 19. Rfe1 Qd7 20. Rxe8+ Rxe8 21. Bxf6 Bxf6 22. Qf4 Bxb2 23. Rd1 d5 24. Bxd5 Bxd5 25. Qd2 Bd4 26. Nxd4 cxd4 27. Qxd4 Rd8 28. a7 Qb7 29. Rd2 Qa8 30. Rb2 Bc6 31. Qf6 Re8 32. Qd6 Kg7 33. Kh2 Bb7 34. Qc7 Qxa7 35. Qxb7 Qd4 36. Qb4 Qe5+ 37. g3 Rd8 38. Rc2 Ra8 39. a4 h5 40. h4 Qa1 41. Rc4 Qa2 42. Rf4 Kg8 43. Qd4 Rc8 44. Re4 Ra8 45. Kg2 Qb3 46. a5 Qb7 47. Kh2 Qc6 48. Re5 Rb8 49. Rd5 Qc7 50. a6 Ra8 51. Rd7 Qc8 52. Qd5 Qe8 53. Rxf7 1-0

[Event "35th European Club Cup 2019"]
[Site "Ulcinj"]
[Date "2019.11.14"]
[Round "5.16"]
[White "Bartos, Jan"]
[Black "Repplinger, Marc"]
[Result "1-0"]
[ECO "A96"]
[WhiteElo "2136"]
[BlackElo "2211"]
[Annotator "NA"]
[PlyCount "105"]
[EventDate "2019.11.10"]
[EventType "team-tourn"]
[EventCountry "MNE"]
[SourceTitle "playchess.com"]
[Source "ChessBase"]
[SourceQuality "1"]
[WhiteTeam "Unichess"]
[BlackTeam "De Sprenger Echternach"]
[TimeControl "40/5400+30:1800+30"]

1. d4 e6 2. Nf3 f5 3. g3 Nf6 4. Bg2 Be7 5. O-O O-O 6. c4 d6 7. Nc3 Ne4 8. Nxe4 fxe4 9. Nd2 d5 10. f3 Nc6 11. fxe4 Rxf1+ 12. Kxf1 dxc4 13. Nf3 e5 14. d5 Bg4 15. Be3 Bxf3 16. exf3 Nb4 17. a3 Nd3 18. b3 Bc5 19. Bxc5 Nxc5 20. bxc4 Qd6 21. Kg1 Rf8 22. Qc2 b6 23. Qc3 Kh8 24. Rf1 Qe7 25. Qe3 h6 26. f4 Re8 27. f5 Nd7 28. h4 Kg8 29. Bf3 Rb8 30. Rb1 Rf8 31. Kg2 Qd6 32. g4 Kf7 33. g5 hxg5 34. hxg5 Rh8 35. Rh1 Rxh1 36. Kxh1 Qf8 37. Bh5+ Ke7 38. Qh3 Qh8 39. Kg2 Nc5 40. Kf3 Nd7 41. Ke3 Kd8 42. Bg4 Qf8 43. Kd2 Qc5 44. Qh8+ Nf8 45. Be2 Qxa3 46. Qxg7 Qb2+ 47. Ke1 Qc1+ 48. Kf2 Qf4+ 49. Bf3 Qh2+ 50. Ke3 Qg1+ 51. Ke2 Qc5 52. Qxe5 Kc8 53. Qe8+ 1-0

[Event "35th European Club Cup 2019"]
[Site "Ulcinj"]
[Date "2019.11.14"]
[Round "5.17"]
[White "Rozentalis, Eduardas"]
[Black "Antipov, Mikhail Al."]
[Result "0-1"]
[ECO "C07"]
[WhiteElo "2547"]
[BlackElo "2558"]
[Annotator "ChessBase"]
[PlyCount "78"]
[EventDate "2019.11.10"]
[EventType "team-tourn"]
[EventCountry "MNE"]
[SourceTitle "playchess.com"]
[Source "ChessBase"]
[SourceQuality "1"]
[WhiteTeam "Koge SK"]
[BlackTeam "Molodezka"]
[TimeControl "40/5400+30:1800+30"]

1. e4 e6 2. d4 d5 3. Nd2 c5 4. Ngf3 cxd4 5. Nxd4 Nc6 6. Bb5 Bd7 7. Nxc6 bxc6 8. Bd3 Bd6 9. Qe2 e5 10. f4 exf4 11. exd5+ Kf8 12. Ne4 Qh4+ 13. Qf2 Qxf2+ 14. Kxf2 Be5 15. dxc6 Bxc6 16. Re1 Nh6 17. Kf1 Nf5 18. Nc3 Ne3+ 19. Bxe3 fxe3 20. Rxe3 Bxh2 21. Be4 Bxe4 22. Nxe4 h5 23. Rd1 Re8 24. Rh3 Rh6 25. Rxh2 Rxe4 26. Rh3 Rc6 27. c3 h4 28. Rd8+ Ke7 29. Rhd3 Rf6+ 30. Kg1 Re1+ 31. Kh2 Rf2 32. Rd2 Ree2 33. R8d7+ Kf6 34. Rxe2 Rxe2 35. Rxa7 g5 36. Ra4 Kf5 37. Rb4 g4 38. Kg1 g3 39. Kf1 Rf2+ 0-1

[Event "35th European Club Cup 2019"]
[Site "Ulcinj"]
[Date "2019.11.14"]
[Round "5.17"]
[White "Gnichtel, Gerd"]
[Black "Lamser, Jan"]
[Result "1/2-1/2"]
[ECO "D02"]
[WhiteElo "2134"]
[BlackElo "2134"]
[Annotator "NA"]
[PlyCount "89"]
[EventDate "2019.11.10"]
[EventType "team-tourn"]
[EventCountry "MNE"]
[SourceTitle "playchess.com"]
[Source "ChessBase"]
[SourceQuality "1"]
[WhiteTeam "De Sprenger Echternach"]
[BlackTeam "Unichess"]
[TimeControl "40/5400+30:1800+30"]

1. d4 d5 2. Nf3 e6 3. g3 c5 4. c3 Nf6 5. Bg2 b5 6. Ne5 Qb6 7. O-O Bb7 8. a4 a5 9. axb5 Qxb5 10. c4 dxc4 11. Na3 Qa6 12. Qa4+ Nbd7 13. Naxc4 Bxg2 14. Kxg2 cxd4 15. Bg5 Bc5 16. Nxa5 Qd6 17. Bxf6 gxf6 18. Nxd7 Qd5+ 19. Kg1 Qxd7 20. Qc4 Bb6 21. b4 O-O 22. Nc6 Rfc8 23. b5 Kg7 24. Rfd1 e5 25. Qd3 Qe6 26. Qe4 Rxa1 27. Rxa1 f5 28. Qxe5+ Qxe5 29. Nxe5 Rc5 30. Nd7 Rxb5 31. Nxb6 Rxb6 32. Ra5 Kf6 33. Rd5 Rb2 34. Kf1 Rb1+ 35. Kg2 Rb4 36. Kf3 Ke6 37. Rd8 Ke7 38. Rd5 Ke6 39. Rd8 Ke7 40. Rh8 Rb3+ 41. Kf4 Rb2 42. Kf3 Rb3+ 43. Kg2 Rb2 44. Kf1 Rb1+ 45. Kg2 1/2-1/2

[Event "35th European Club Cup 2019"]
[Site "Ulcinj"]
[Date "2019.11.14"]
[Round "5.17"]
[White "Vujovic, Savo"]
[Black "Iivonen, Markku"]
[Result "1-0"]
[ECO "B06"]
[WhiteElo "2040"]
[BlackElo "2096"]
[Annotator "NA"]
[PlyCount "78"]
[EventDate "2019.11.10"]
[EventType "team-tourn"]
[EventCountry "MNE"]
[SourceTitle "playchess.com"]
[Source "ChessBase"]
[SourceQuality "1"]
[WhiteTeam "Crnogorac"]
[BlackTeam "Tammer-Shakki"]
[TimeControl "40/5400+30:1800+30"]

1. e4 g6 2. d4 Bg7 3. c4 d6 4. Nc3 Nd7 5. Nf3 c5 6. Be2 a6 7. O-O cxd4 8. Nxd4 Ngf6 9. Be3 O-O 10. f4 Qc7 11. Rc1 e6 12. Bf3 Rb8 13. g4 b6 14. Ncb5 axb5 15. cxb5 Qb7 16. Nc6 d5 17. exd5 Nxd5 18. Bxd5 exd5 19. Bd4 f6 20. Re1 Qa8 21. Re7 Rb7 22. Qb3 Nc5 23. Bxc5 bxc5 24. Qxd5+ Kh8 25. Nd8 Rxe7 26. Qxa8 Rxd8 27. Rxc5 Ree8 28. Rd5 Bf8 29. Qc6 Kg8 30. Rxd8 Rxd8 31. b6 Rd1+ 32. Kf2 Bd7 33. Qc4+ Kg7 34. b7 Bd6 35. Qc8 Bxf4 36. b8=Q Bxb8 37. Qxb8 Bxg4 38. a4 Rd2+ 39. Ke3 Re2+ {[%emt 0:00:08] Ke4} 1-0

[Event "35th European Club Cup 2019"]
[Site "Ulcinj"]
[Date "2019.11.14"]
[Round "5.18"]
[White "Setkauskas, Vaidas"]
[Black "Bettalli, Francesco"]
[Result "1/2-1/2"]
[ECO "B30"]
[WhiteElo "2195"]
[BlackElo "2164"]
[Annotator "NA"]
[PlyCount "37"]
[EventDate "2019.11.10"]
[EventType "team-tourn"]
[EventCountry "MNE"]
[SourceTitle "playchess.com"]
[Source "ChessBase"]
[SourceQuality "1"]
[WhiteTeam "MRU-ROSK Consulting"]
[BlackTeam "WorldTradingLab Club"]
[TimeControl "40/5400+30:1800+30"]

1. e4 c5 2. Nf3 Nc6 3. Nc3 d6 4. d4 cxd4 5. Nxd4 e5 6. Nxc6 bxc6 7. Bc4 Be7 8. Qh5 g6 9. Qf3 Nf6 10. Bh6 Rb8 11. h3 Be6 12. Bb3 Nd7 13. Rd1 Qc7 14. Bxe6 fxe6 15. b3 Bf8 16. Bg5 Be7 17. Bh6 Bf8 18. Bg5 Be7 19. Bh6 1/2-1/2

[Event "35th European Club Cup 2019"]
[Site "Ulcinj"]
[Date "2019.11.14"]
[Round "5.18"]
[White "Vanek, Petr"]
[Black "Sparwel, Oliver"]
[Result "1/2-1/2"]
[ECO "B00"]
[WhiteElo "2049"]
[BlackElo "1977"]
[Annotator "NA"]
[PlyCount "67"]
[EventDate "2019.11.10"]
[EventType "team-tourn"]
[EventCountry "MNE"]
[SourceTitle "playchess.com"]
[Source "ChessBase"]
[SourceQuality "1"]
[WhiteTeam "Unichess"]
[BlackTeam "De Sprenger Echternach"]
[TimeControl "40/5400+30:1800+30"]

1. e4 d6 2. Nc3 Nf6 3. g3 e5 4. Bg2 g6 5. Nf3 Bg7 6. O-O Nc6 7. d4 Bg4 8. d5 Nd4 9. Be3 Nxf3+ 10. Bxf3 Bxf3 11. Qxf3 O-O 12. Qe2 Nd7 13. Qd2 f5 14. Bh6 f4 15. Bxg7 Kxg7 16. f3 Qe7 17. Qg2 Kh8 18. Kf2 b5 19. a3 a5 20. Nxb5 Rab8 21. a4 c6 22. dxc6 Nc5 23. b3 fxg3+ 24. hxg3 Nxe4+ 25. Kg1 Nxg3 26. Qxg3 Rf5 27. f4 exf4 28. Qc3+ Re5 29. Rae1 Qg5+ 30. Kh2 Rbe8 31. Nxd6 Qh4+ 32. Kg1 Qg4+ 33. Kh2 Qh4+ 34. Kg1 1/2-1/2

[Event "35th European Club Cup 2019"]
[Site "Ulcinj"]
[Date "2019.11.14"]
[Round "5.18"]
[White "Kaatiala, Pekka"]
[Black "Djurovic, Peko"]
[Result "0-1"]
[ECO "A08"]
[WhiteElo "2004"]
[BlackElo "1943"]
[Annotator "NA"]
[PlyCount "102"]
[EventDate "2019.11.10"]
[EventType "team-tourn"]
[EventCountry "MNE"]
[SourceTitle "playchess.com"]
[Source "ChessBase"]
[SourceQuality "1"]
[WhiteTeam "Tammer-Shakki"]
[BlackTeam "Crnogorac"]
[TimeControl "40/5400+30:1800+30"]

1. e4 c5 2. Nf3 Nc6 3. d3 e6 4. g3 d5 5. Nbd2 Nf6 6. Bg2 Be7 7. O-O O-O 8. Re1 Re8 9. e5 Nd7 10. h4 Qc7 11. Qe2 Bf8 12. Nf1 b6 13. Bf4 Bb7 14. N1h2 Ne7 15. c3 Ng6 16. Bd2 f6 17. d4 fxe5 18. dxe5 a5 19. h5 Ne7 20. Bf4 a4 21. Bh3 Qc6 22. Bg2 Qc7 23. Ng5 Qc6 24. Qc2 g6 25. g4 Bg7 26. h6 Bxh6 27. Nxe6 Qxe6 28. Bxh6 Bc6 29. f4 d4 30. cxd4 cxd4 31. Qd2 Nc5 32. Qxd4 Rad8 33. Qe3 Bxg2 34. Kxg2 Rd3 35. Qf2 Red8 36. Bg5 Rd2 37. Re2 Ne4 38. Rxe4 Rxf2+ 39. Kxf2 Rd2+ 40. Kg3 Qc6 41. Nf3 Rd3 42. Rae1 a3 43. bxa3 Qc3 44. R4e3 Rxe3 45. Rxe3 Qxe3 46. Bxe7 Kf7 47. Bb4 h5 48. gxh5 gxh5 49. f5 h4+ 50. Kxh4 Qxf3 51. Kg5 Qg3+ {[%emt 0:00:30] e6+ Qf3 f6+ Ke8} 0-1

[Event "35th European Club Cup 2019"]
[Site "Ulcinj"]
[Date "2019.11.14"]
[Round "5.19"]
[White "Pruijssers, Roeland"]
[Black "Podlesnik, Bogdan"]
[Result "1-0"]
[ECO "B30"]
[WhiteElo "2557"]
[BlackElo "2342"]
[Annotator "ChessBase"]
[PlyCount "53"]
[EventDate "2019.11.10"]
[EventType "team-tourn"]
[EventCountry "MNE"]
[SourceTitle "playchess.com"]
[Source "ChessBase"]
[SourceQuality "1"]
[WhiteTeam "Echiquier Mosan"]
[BlackTeam "Prishtina"]
[TimeControl "40/5400+30:1800+30"]

1. e4 c5 2. Nf3 Nc6 3. Bb5 e5 4. O-O Nge7 5. c3 g6 6. d4 cxd4 7. cxd4 exd4 8. Bf4 Bg7 9. Bd6 a6 10. Bd3 b5 11. Nbd2 Bb7 12. e5 O-O 13. Ne4 Re8 14. Nc5 Ra7 15. a4 bxa4 16. Ng5 Nf5 17. Bxf5 Qxg5 18. f3 Qh4 19. Bxd7 Rd8 20. Qxa4 Nb8 21. g3 Qh5 22. Qa5 Rxd7 23. Bxb8 Qh3 24. Rf2 Ra8 25. e6 Re7 26. Qd8+ Bf8 27. Re1 1-0

[Event "35th European Club Cup 2019"]
[Site "Ulcinj"]
[Date "2019.11.14"]
[Round "5.20"]
[White "Van Delft, Merijn"]
[Black "Renet, Olivier"]
[Result "1/2-1/2"]
[ECO "C95"]
[WhiteElo "2353"]
[BlackElo "2475"]
[Annotator "ChessBase"]
[PlyCount "58"]
[EventDate "2019.11.10"]
[EventType "team-tourn"]
[EventCountry "MNE"]
[SourceTitle "playchess.com"]
[Source "ChessBase"]
[SourceQuality "1"]
[WhiteTeam "Apeldoorn"]
[BlackTeam "Riehen SG"]
[TimeControl "40/5400+30:1800+30"]

1. e4 e5 2. Nf3 Nc6 3. Bb5 a6 4. Ba4 Nf6 5. O-O Be7 6. Re1 b5 7. Bb3 d6 8. c3 O-O 9. h3 Nb8 10. d4 Nbd7 11. Nbd2 Bb7 12. Bc2 Re8 13. Nf1 Bf8 14. Ng3 g6 15. Bd2 Bg7 16. Qc1 d5 17. Bg5 Qc8 18. Nxe5 Nxe5 19. dxe5 Nxe4 20. Bxe4 dxe4 21. Nxe4 Bxe4 22. Rxe4 Qf5 23. Qe3 Rxe5 24. Rxe5 Qxe5 25. Qxe5 Bxe5 26. Rd1 Re8 27. Rd7 Kg7 28. Kf1 a5 29. Bd8 c6 1/2-1/2

[Event "35th European Club Cup 2019"]
[Site "Ulcinj"]
[Date "2019.11.14"]
[Round "5.20"]
[White "Sadiku, Bedri"]
[Black "Burg, Twan"]
[Result "1/2-1/2"]
[ECO "B20"]
[WhiteElo "2220"]
[BlackElo "2536"]
[Annotator "ChessBase"]
[PlyCount "60"]
[EventDate "2019.11.10"]
[EventType "team-tourn"]
[EventCountry "MNE"]
[SourceTitle "playchess.com"]
[Source "ChessBase"]
[SourceQuality "1"]
[WhiteTeam "Prishtina"]
[BlackTeam "Echiquier Mosan"]
[TimeControl "40/5400+30:1800+30"]

1. e4 c5 2. d3 Nc6 3. g3 e6 4. Bg2 Nf6 5. Ne2 d5 6. Nd2 Be7 7. O-O O-O 8. h3 b5 9. a4 b4 10. b3 Qb6 11. Bb2 dxe4 12. Nxe4 Nxe4 13. Bxe4 e5 14. Bg2 Bb7 15. Kh2 Rad8 16. f4 Bd6 17. Qe1 f6 18. Qf2 Nd4 19. Nxd4 cxd4 20. Bxb7 Qxb7 21. fxe5 Bxe5 22. Qg2 Qc7 23. Rae1 Rfe8 24. Re4 Re6 25. Rf2 Rc6 26. Ree2 Rc5 27. Bc1 a5 28. Bf4 Rc8 29. Bxe5 fxe5 30. Qf3 h6 1/2-1/2

[Event "35th European Club Cup 2019"]
[Site "Ulcinj"]
[Date "2019.11.14"]
[Round "5.21"]
[White "Beerdsen, Thomas"]
[Black "Ademi, Sami"]
[Result "1-0"]
[ECO "B20"]
[WhiteElo "2468"]
[BlackElo "2162"]
[Annotator "ChessBase"]
[PlyCount "47"]
[EventDate "2019.11.10"]
[EventType "team-tourn"]
[EventCountry "MNE"]
[SourceTitle "playchess.com"]
[Source "ChessBase"]
[SourceQuality "1"]
[WhiteTeam "Echiquier Mosan"]
[BlackTeam "Prishtina"]
[TimeControl "40/5400+30:1800+30"]

1. e4 c5 2. b4 cxb4 3. a3 bxa3 4. Nxa3 d6 5. d4 a6 6. f4 g6 7. Nf3 Bg7 8. Bd3 Nc6 9. c3 Nf6 10. O-O O-O 11. Qe1 Qc7 12. e5 dxe5 13. fxe5 Nd5 14. Ng5 Nd8 15. Qh4 h6 16. Ne4 Kh7 17. c4 Nb4 18. Bb1 b5 19. Nf6+ exf6 20. exf6 Rh8 21. fxg7 Kxg7 22. Bf4 Qd7 23. Be5+ Kg8 24. Qf6 1-0

[Event "35th European Club Cup 2019"]
[Site "Ulcinj"]
[Date "2019.11.14"]
[Round "5.22"]
[White "Bujupi, Fatmir"]
[Black "Umudova, Nargiz"]
[Result "0-1"]
[ECO "B12"]
[WhiteElo "2131"]
[BlackElo "2270"]
[Annotator "NA"]
[PlyCount "70"]
[EventDate "2019.11.10"]
[EventType "team-tourn"]
[EventCountry "MNE"]
[SourceTitle "playchess.com"]
[Source "ChessBase"]
[SourceQuality "1"]
[WhiteTeam "Prishtina"]
[BlackTeam "Echiquier Mosan"]
[TimeControl "40/5400+30:1800+30"]

1. e4 c6 2. d4 d5 3. Bd3 dxe4 4. Bxe4 Nf6 5. Bf3 Bf5 6. Ne2 e6 7. O-O Be7 8. c4 Nbd7 9. Bf4 h6 10. Ng3 Bh7 11. Re1 Nb6 12. b3 Qd7 13. Qd2 O-O 14. Nc3 a5 15. Rad1 a4 16. Re5 Bb4 17. Qe3 axb3 18. axb3 Bg6 19. h4 Ra3 20. Bxh6 Rxb3 21. Qg5 Rxc3 22. h5 Nh7 23. Qg4 f5 24. Qh3 Be8 25. Bd2 Rxc4 26. Bxb4 Rxb4 27. Qh4 Nd5 28. Rde1 Bf7 29. Bxd5 cxd5 30. Ne2 Qd8 31. Qh2 Qg5 32. Nf4 Rxd4 33. Nxe6 Bxe6 34. Rxe6 Re4 35. R1xe4 fxe4 0-1

[Event "35th European Club Cup 2019"]
[Site "Ulcinj"]
[Date "2019.11.14"]
[Round "5.23"]
[White "Haag, Gregor"]
[Black "Boel, Marcel"]
[Result "1/2-1/2"]
[ECO "D38"]
[WhiteElo "2368"]
[BlackElo "2218"]
[Annotator "NA"]
[PlyCount "60"]
[EventDate "2019.11.10"]
[EventType "team-tourn"]
[EventCountry "MNE"]
[SourceTitle "playchess.com"]
[Source "ChessBase"]
[SourceQuality "1"]
[WhiteTeam "Riehen SG"]
[BlackTeam "Apeldoorn"]
[TimeControl "40/5400+30:1800+30"]

1. d4 d5 2. c4 e6 3. Nf3 Nf6 4. Nc3 Bb4 5. Bg5 h6 6. Bxf6 Qxf6 7. Qa4+ Nc6 8. e3 O-O 9. Bd3 dxc4 10. Bxc4 Bxc3+ 11. bxc3 Bd7 12. O-O Rfd8 13. Qc2 Na5 14. Bd3 c5 15. Rab1 Rac8 16. Qe2 Qe7 17. Ne5 Be8 18. h3 g6 19. Qb2 b6 20. Rfc1 Nc6 21. Nxc6 Bxc6 22. Qa3 Qg5 23. Bf1 Be4 24. Rb5 Bc6 25. Rbb1 Be4 26. Rb5 Bc6 27. Rbb1 Be4 28. Rb5 Bc6 29. Rbb1 Be4 30. Rb5 Bc6 1/2-1/2

[Event "35th European Club Cup 2019"]
[Site "Ulcinj"]
[Date "2019.11.14"]
[Round "5.23"]
[White "Noiroux, Kevin"]
[Black "Berisha, Enver"]
[Result "0-1"]
[ECO "A46"]
[WhiteElo "2170"]
[BlackElo "2124"]
[Annotator "NA"]
[PlyCount "180"]
[EventDate "2019.11.10"]
[EventType "team-tourn"]
[EventCountry "MNE"]
[SourceTitle "playchess.com"]
[Source "ChessBase"]
[SourceQuality "1"]
[WhiteTeam "Echiquier Mosan"]
[BlackTeam "Prishtina"]
[TimeControl "40/5400+30:1800+30"]

1. d4 Nf6 2. Nf3 e6 3. Bf4 d5 4. e3 Bd6 5. Bg3 O-O 6. Nbd2 b6 7. Bd3 Bb7 8. c3 Ne4 9. Bh4 Be7 10. Bxe7 Qxe7 11. g4 Nd7 12. Qc2 f5 13. Rg1 fxg4 14. Rxg4 Ndf6 15. Rg2 Nxd2 16. Nxd2 e5 17. dxe5 Qxe5 18. O-O-O c5 19. Rdg1 Rf7 20. Nf3 Qh5 21. Ng5 Re7 22. Rg3 Bc8 23. Bf5 Bxf5 24. Qxf5 Rf8 25. Rh3 Qg6 26. Qxg6 hxg6 27. Rhg3 Nh5 28. R3g2 d4 29. Rd1 dxe3 30. fxe3 Rxe3 31. Kb1 c4 32. a3 Rd3 33. Re1 Nf4 34. Rf2 Rd5 35. Ref1 Rdf5 36. Ne4 Nd3 37. Rxf5 gxf5 38. Nd6 f4 39. Nxc4 Kh7 40. Kc2 Nc5 41. b4 Ne6 42. h4 Kh6 43. Ne5 Rf5 44. Nf3 Kh5 45. Kd3 Rf8 46. Ke4 Rc8 47. c4 Nf8 48. Ne5 Ng6 49. Nxg6 Kxg6 50. Rg1+ Kh6 51. Kd5 Rd8+ 52. Kc6 Rd3 53. a4 Rd4 54. Kb5 a6+ 55. Kxa6 Rxc4 56. Kb5 Re4 57. a5 bxa5 58. bxa5 f3 59. Rf1 Re3 60. a6 Ra3 61. a7 Rxa7 62. Rxf3 Kh5 63. Rf4 Rc7 64. Kb4 Rc1 65. Kb3 Rg1 66. Kc2 Rg4 67. Rf8 Kxh4 68. Kd2 Re4 69. Kd3 Re1 70. Rf4+ Kg3 71. Rf5 Kg4 72. Rf7 g5 73. Kd2 Re5 74. Kd3 Kg3 75. Kd4 Re1 76. Rg7 g4 77. Kd3 Kf3 78. Kd2 Re6 79. Rf7+ Kg2 80. Rg7 g3 81. Kd1 Kf2 82. Rf7+ Kg1 83. Rg7 g2 84. Kd2 Re4 85. Kd3 Rh4 86. Ke2 Rh8 87. Rg5 Kh2 88. Kf2 g1=Q+ 89. Rxg1 Rf8+ 90. Ke3 Kxg1 0-1

[Event "35th European Club Cup 2019"]
[Site "Ulcinj"]
[Date "2019.11.14"]
[Round "5.24"]
[White "Van der Elburg, Freddie"]
[Black "Wirthensohn, Heinz"]
[Result "0-1"]
[ECO "A03"]
[WhiteElo "2190"]
[BlackElo "2313"]
[Annotator "NA"]
[PlyCount "72"]
[EventDate "2019.11.10"]
[EventType "team-tourn"]
[EventCountry "MNE"]
[SourceTitle "playchess.com"]
[Source "ChessBase"]
[SourceQuality "1"]
[WhiteTeam "Apeldoorn"]
[BlackTeam "Riehen SG"]
[TimeControl "40/5400+30:1800+30"]

1. f4 d5 2. Nf3 g6 3. g3 Nf6 4. Bg2 Bg7 5. O-O b5 6. d3 Bb7 7. Qe1 Nbd7 8. a4 a6 9. axb5 axb5 10. Rxa8 Qxa8 11. Na3 Qa6 12. Qb4 Qb6+ 13. d4 Ba6 14. Ne5 e6 15. Be3 Bf8 16. Qd2 b4 17. Nb1 Be7 18. Rc1 O-O 19. c4 bxc3 20. Nxc3 Rc8 21. Nd3 Ng4 22. Na4 Qb3 23. Nac5 Nxc5 24. Rc3 Qb5 25. dxc5 Bf6 26. Ra3 Nxe3 27. Qxe3 Qc4 28. Qd2 Bb5 29. b4 Bc6 30. Bf1 Qe4 31. Nf2 Qb1 32. Qd3 Qxb4 33. Qa6 Ra8 34. Qxa8+ Bxa8 35. Rxa8+ Kg7 36. Nd3 Qe4 0-1

[Event "35th European Club Cup 2019"]
[Site "Ulcinj"]
[Date "2019.11.14"]
[Round "5.24"]
[White "Vanheirzeele, Daniel"]
[Black "Kriebel, Tadeas"]
[Result "0-1"]
[ECO "D02"]
[WhiteElo "2105"]
[BlackElo "2516"]
[Annotator "RC"]
[PlyCount "114"]
[EventDate "2019.11.10"]
[EventType "team-tourn"]
[EventCountry "MNE"]
[SourceTitle "playchess.com"]
[Source "ChessBase"]
[SourceQuality "1"]
[WhiteTeam "KGSRL Gent"]
[BlackTeam "Novy Bor"]
[TimeControl "40/5400+30:1800+30"]

1. d4 d5 2. Nf3 Nf6 3. c4 e6 4. g3 Bb4+ 5. Bd2 Bd6 6. Bg2 c6 7. O-O O-O 8. Bg5 Nbd7 9. e4 dxe4 10. Nfd2 Be7 11. Nc3 e5 12. Bxf6 Nxf6 13. dxe5 Ng4 14. Ndxe4 Qxd1 15. Raxd1 Nxe5 16. c5 Bg4 17. f3 Be6 18. f4 Nc4 19. f5 Bc8 20. Rf3 f6 21. b3 Ne5 22. Rf4 b6 23. Na4 Rb8 24. Nd6 Rd8 25. b4 bxc5 26. bxc5 Ba6 27. Rfd4 Be2 28. Re1 Bf3 29. Re3 Rb1+ 30. Kf2 Bh5 31. h3 Bf7 32. Nc3 Rc1 33. Rd2 Bf8 34. g4 Nc4 35. Nxc4 Rxd2+ 36. Nxd2 Bxc5 37. Ne2 Rc2 38. Nb3 Bxe3+ 39. Kxe3 Rxa2 40. Nbd4 c5 41. Ne6 Bxe6 42. fxe6 Kf8 43. h4 Ke7 44. Bd5 Ra3+ 45. Ke4 Ra4+ 46. Kf3 a5 47. Ng3 g6 48. Ne4 Rd4 49. Ba2 c4 50. Ke3 Rd3+ 51. Ke2 a4 52. g5 fxg5 53. hxg5 a3 54. Nd2 Rc3 55. Kd1 Kxe6 56. Nxc4 Kf5 57. Nd2 Ke5 0-1

[Event "35th European Club Cup 2019"]
[Site "Ulcinj"]
[Date "2019.11.14"]
[Round "5.24"]
[White "Gashi, Blerim"]
[Black "Bikady, Claude"]
[Result "1/2-1/2"]
[ECO "E00"]
[WhiteElo "2012"]
[BlackElo "1912"]
[Annotator "NA"]
[PlyCount "62"]
[EventDate "2019.11.10"]
[EventType "team-tourn"]
[EventCountry "MNE"]
[SourceTitle "playchess.com"]
[Source "ChessBase"]
[SourceQuality "1"]
[WhiteTeam "Prishtina"]
[BlackTeam "Echiquier Mosan"]
[TimeControl "40/5400+30:1800+30"]

1. d4 Nf6 2. c4 e6 3. a3 b6 4. Bg5 Bb7 5. Nc3 Be7 6. e3 O-O 7. Nf3 d5 8. Be2 Nbd7 9. O-O c5 10. Rc1 Rc8 11. cxd5 Nxd5 12. Bxe7 Qxe7 13. Nxd5 exd5 14. Bb5 Nf6 15. Ne5 a6 16. Bd3 c4 17. Bb1 b5 18. Qe1 Rfd8 19. Qa5 Qc7 20. Qxc7 Rxc7 21. Nd3 Nd7 22. b4 Rcc8 23. Nc5 Nxc5 24. dxc5 d4 25. Bf5 Rb8 26. exd4 g6 27. Bc2 Rxd4 28. Rfd1 Rbd8 29. Rxd4 Rxd4 30. Kf1 Kf8 31. f3 f5 1/2-1/2

[Event "35th European Club Cup 2019"]
[Site "Ulcinj"]
[Date "2019.11.14"]
[Round "5.27"]
[White "Bosiocic, Marin"]
[Black "Kosic, Dragan"]
[Result "1-0"]
[ECO "C10"]
[WhiteElo "2598"]
[BlackElo "2477"]
[Annotator "ChessBase"]
[PlyCount "98"]
[EventDate "2019.11.10"]
[EventType "team-tourn"]
[EventCountry "MNE"]
[SourceTitle "playchess.com"]
[Source "ChessBase"]
[SourceQuality "1"]
[WhiteTeam "Valerenga"]
[BlackTeam "Sloven Ruma"]
[TimeControl "40/5400+30:1800+30"]

1. e4 e6 2. d4 d5 3. Nc3 dxe4 4. Nxe4 Nd7 5. Nf3 Ngf6 6. Bg5 h6 7. Bh4 Be7 8. Nxf6+ Bxf6 9. Bxf6 Qxf6 10. Qd2 c5 11. O-O-O O-O 12. Bb5 cxd4 13. Qxd4 Qxd4 14. Rxd4 Nf6 15. Ne5 a6 16. Be2 b5 17. Bf3 Ra7 18. Rd6 Rc7 19. Rhd1 g5 20. b4 Kg7 21. a3 Ng8 22. Nd3 Ne7 23. Nc5 Ra7 24. Be4 g4 25. g3 h5 26. Kb2 Rh8 27. Rd8 Rxd8 28. Rxd8 Rc7 29. Kb3 e5 30. Rd6 f5 31. Bg2 e4 32. c4 Rc6 33. Rxc6 Nxc6 34. cxb5 Nd4+ 35. Kc4 Nxb5 36. a4 Nc7 37. b5 axb5+ 38. axb5 h4 39. b6 Na8 40. b7 Bxb7 41. Nxb7 hxg3 42. hxg3 Kf6 43. Kd4 Nc7 44. Nc5 Ne8 45. Bf1 Ng7 46. Bc4 Ne8 47. Ne6 Nd6 48. Nf4 Kg5 49. Kd5 Ne8 {[%emt 0:01:08] Kxe4} 1-0

[Event "35th European Club Cup 2019"]
[Site "Ulcinj"]
[Date "2019.11.14"]
[Round "5.29"]
[White "Romanov, Evgeny"]
[Black "Laketic, Gojko"]
[Result "1-0"]
[ECO "E68"]
[WhiteElo "2597"]
[BlackElo "2346"]
[Annotator "RC"]
[PlyCount "135"]
[EventDate "2019.11.10"]
[EventType "team-tourn"]
[EventCountry "MNE"]
[SourceTitle "playchess.com"]
[Source "ChessBase"]
[SourceQuality "1"]
[WhiteTeam "Valerenga"]
[BlackTeam "Sloven Ruma"]
[TimeControl "40/5400+30:1800+30"]

1. c4 Nf6 2. Nc3 e5 3. Nf3 d6 4. g3 g6 5. Bg2 Bg7 6. O-O O-O 7. d4 Nbd7 8. e4 a6 9. Re1 Rb8 10. a4 a5 11. h3 Re8 12. Be3 b6 13. Qc2 Bb7 14. dxe5 dxe5 15. Red1 Qc8 16. Nd5 c6 17. Nxf6+ Bxf6 18. h4 Nc5 19. Bxc5 bxc5 20. Kh2 Qc7 21. Bh3 Red8 22. Rxd8+ Rxd8 23. Rd1 Ba6 24. Rd3 Kg7 25. b3 Rxd3 26. Qxd3 Be7 27. h5 f6 28. hxg6 hxg6 29. Nh4 Bc8 30. Bxc8 Qxc8 31. Qd1 Bf8 32. Ng2 Kf7 33. Kg1 Kg7 34. g4 Kf7 35. g5 f5 36. Qd2 f4 37. f3 Qc7 38. Ne1 Kg8 39. Kf1 Be7 40. Ke2 Bxg5 41. Nd3 Be7 42. Kd1 Kf7 43. Kc2 Bd6 44. Qh2 Kg7 45. Qh3 Be7 46. Qe6 Bd6 47. Nf2 Qe7 48. Qc8 Qc7 49. Qh3 Qe7 50. Ng4 Qg5 51. Qh2 Bc7 52. Qg1 Qe7 53. Qf2 Kg8 54. Qh2 Qg5 55. Qh3 Bd6 56. Nf2 Qg3 57. Qe6+ Kg7 58. Nd3 Bb8 59. Qe7+ Kh6 60. Qf8+ Kh5 61. Qh8+ Kg5 62. Qxb8 Qg2+ 63. Kc3 Qxf3 64. Qxe5+ Kg4 65. Qe6+ Kh5 66. Qf7 Qxe4 67. Qxf4 Qh1 68. Qe5+ 1-0